Map: Línea Aguablanca EE

Players

MUYDUURO

  • Race: Terran Terran
  • League: Silver
  • Spawn Location: 12:00

Rise

  • Race: Zerg Zerg
  • League: Silver
  • Spawn Location: 1:00

XYZrd

  • Race: Protoss Protoss
  • Spawn Location: 1:00

MrFercho

  • Race: Zerg Zerg
  • League: Silver
  • Spawn Location: 6:00

tigro

  • Race: Terran Terran
  • League: Bronze
  • Spawn Location: 7:00

TATORREA

  • Race: Protoss Protoss
  • League: Gold
  • Spawn Location: 7:00

VOD

Have the link to the VOD?

Description

Time

  • Played on: July 15, 2020, 10:28 p.m.
  • Length: 13:50
Show
View Real Time Build Order
Export as new Build Order

MUYDUURO Terran 

Build Orders:  

Get SALT Encoding   

  12  0:05  SCV  
  13  0:17  SCV  
  14  0:29  Supply Depot  
  14  0:34  SCV  
  15  0:42  Supply Depot  
  15  0:50  SCV  
  16  1:00  Barracks  
  16  1:02  SCV  
  17  1:15  SCV  
  18  1:27  SCV  
  19  1:39  SCV  
  20  1:40  Barracks  
  20  1:51  SCV  
  21  1:56  Supply Depot  
  21  2:04  Refinery  
  21  2:06  Refinery, Orbital Command  
  21  2:31  Command Center  
  21  2:41  SCV  
  22  2:46  Barracks Reactor  
  22  2:53  SCV  
  23  3:05  SCV  
  24  3:14  Barracks Reactor  
  24  3:18  SCV  
  25  3:23  Engineering Bay  
  25  3:30  SCV  
  26  3:38  Marine  
  26  3:39  Marine  
  28  3:44  Factory  
  28  3:52  Terran Infantry Weapons Level 1  
  28  3:56  Marine  
  28  3:59  SCV  
  30  4:11  Marine, SCV  
  30  4:12  Marine x2  
  30  4:14  Marine  
  30  4:15  SCV  
  36  4:23  SCV  
  37  4:24  Refinery  
  37  4:28  SCV  
  37  4:29  Marine  
  39  4:35  SCV  
  40  4:40  SCV  
  41  4:47  SCV  
  41  4:48  Factory Tech Lab  
  41  4:49  Refinery  
  41  4:52  SCV  
  43  4:53  Starport  
  43  4:59  SCV  
  44  5:04  SCV  
  45  5:44  Starport Reactor  
  45  5:46  Terran Infantry Armor Level 1, Siege Tank  
  48  5:57  SCV  
  48  5:58  SCV  
  50  6:09  SCV  
  50  6:10  SCV  
  52  6:19  Armory  
  52  6:21  SCV  
  52  6:22  SCV  
  52  6:25  Missile Turret  
  54  6:31  Supply Depot x2  
  54  6:32  Supply Depot  
  54  6:33  Supply Depot  
  54  6:37  Supply Depot  
  54  6:45  Missile Turret  
  54  6:52  Medivac x2, Marine x2, SCV x2  
  54  6:53  Marine x2, Siege Tank  
  67  6:57  Supply Depot  
  67  7:04  SCV x2  
  67  7:07  Supply Depot  
  69  7:10  Marine x2  
  69  7:11  Supply Depot, Marine x2  
  69  7:12  Supply Depot  
  69  7:15  Supply Depot  
  73  7:16  Terran Vehicle Weapons Level 1  
  73  7:20  Armory  
  73  7:22  Medivac  
  75  7:23  Supply Depot  
  75  7:25  Siege Tank  
  75  7:28  Marine x4  
  82  7:33  Supply Depot  
  82  7:43  Terran Infantry Weapons Level 2  
  82  7:45  Marine x2  
  82  7:46  Marine x2  
  86  7:52  Engineering Bay  
  86  7:57  Siege Tank  
  89  8:07  Medivac  
  89  8:08  Medivac, Marine  
  89  8:09  Marine x3  
  97  8:21  Barracks  
  97  8:25  Barracks  
  97  8:26  Barracks, Marine  
  97  8:27  Marine x3  
  101  8:43  Orbital Command  
  101  8:44  Marine x3  
  101  8:45  Marine  
  105  8:59  Siege Tank  
  105  9:02  Marine x4  
  112  9:17  Terran Infantry Armor Level 2  
  112  9:20  Terran Vehicle And Ship Armor Level 1  
  112  9:21  Terran Vehicle Weapons Level 2  
  112  9:28  Barracks Tech Lab  
  112  9:30  Barracks Reactor  
  112  9:31  Siege Tank  
  115  9:32  Barracks Reactor  
  115  9:45  Marine x4  
  119  10:02  Marine  
  119  10:03  Marine x3  
  123  10:20  Marine  
  123  10:21  Marine x3  
  127  10:37  Command Center  
  127  10:38  Marine x2  
  127  10:39  Marine x2  
  131  10:53  Marine  
  131  10:55  Marine x4  
  131  10:56  Marine x4  
  137  11:11  Marine  
  137  11:12  Marine  
  137  11:13  Marine x3  
  137  11:14  Marine x4  
  146  11:21  Medivac x2  
  150  11:49  Marine x9  
  150  11:50  Medivac  
  150  11:51  Medivac  
  163  12:07  Marine x2  
  165  12:17  Supply Depot  
  165  12:18  Supply Depot  
  165  12:20  Supply Depot  
  165  12:21  Supply Depot x2  
  165  12:25  Supply Depot  
  165  12:39  Marine x8  
  165  12:41  Marine  
  165  12:43  Supply Depot  
  174  12:57  Marine x6  
  167  13:31  Marine x9  
Show
View Real Time Build Order
Export as new Build Order

Rise Zerg 

Build Orders: Pool First 

Get SALT Encoding   

  12  0:20  Spawning Pool  
  11  0:24  Drone  
  12  0:32  Overlord  
  12  0:39  Drone  
  13  0:43  Drone  
  14  1:08  Zergling x4  
  14  1:11  Zergling x2  
  17  1:46  Hatchery  
  16  1:57  Drone x3  
  19  2:05  Extractor  
  18  2:28  Drone x2  
  20  2:40  Drone  
  18  3:20  Drone  
  18  3:21  Drone x5  
  18  3:26  Queen, Hatchery  
  27  3:32  Lair  
  25  3:40  Extractor  
  24  3:58  Drone x4  
  24  4:01  Overlord x2  
  28  4:12  Overlord  
  28  4:20  Zergling x2  
  29  4:31  Zergling x6  
  29  4:32  Zergling x2  
  33  4:49  Spine Crawler  
  33  4:52  Drone x6  
  38  4:53  Drone  
  39  5:01  Pneumatized Carapace  
  34  5:17  Metabolic Boost  
  34  5:45  Hatchery  
  33  5:53  Zergling x4  
  33  5:54  Zergling x6  
  33  5:55  Drone  
  33  5:56  Drone x3  
  42  6:07  Drone x2  
  44  6:32  Drone x4  
  48  6:46  Extractor  
  47  6:47  Extractor  
  46  7:07  Spore Crawler  
  45  7:21  Hydralisk Den  
  44  7:24  Spire  
  44  7:25  Zergling x2  
  44  7:26  Zergling x16  
  44  7:27  Zergling x8  
  56  7:32  Evolution Chamber  
  56  7:36  Evolution Chamber  
  54  8:03  Hydralisk x2  
  54  8:04  Overlord x2  
  54  8:05  Overlord x2  
  58  8:06  Overlord  
  58  8:15  Spore Crawler  
  58  8:18  Overlord x3  
  57  8:20  Overlord  
  55  8:28  Hydralisk  
  55  8:29  Hydralisk x4  
  65  8:36  Queen x3  
  71  8:56  Drone x7  
  71  9:02  Muscular Augments  
  78  9:04  Zerg Melee Weapons Level 1  
  78  9:06  Zerg Missile Weapons Level 1  
  78  9:19  Drone x3  
  81  9:24  Drone  
  81  9:25  Drone x2  
  84  9:41  Zerg Flyer Weapons Level 1  
  84  10:12  Drone x6  
  84  10:13  Grooved Spines, Drone x3  
  93  10:27  Spore Crawler  
  92  10:39  Overseer  
  92  10:45  Hydralisk x8  
  108  11:00  Zerg Ground Armor Level 1  
  108  11:03  Drone x4  
  112  11:17  Hatchery  
  111  11:20  Overlord x3  
  111  11:36  Zerg Flyer Armor Level 1  
  111  11:37  Spore Crawler  
  111  11:38  Spore Crawler  
  109  11:40  Queen  
  94  12:49  Hydralisk x9  
  94  12:50  Hydralisk x4  
  112  12:56  Drone x4  
  113  13:13  Hydralisk x2  
  113  13:14  Hydralisk x5  
  125  13:27  Overseer  
Show
View Real Time Build Order
Export as new Build Order

XYZrd Protoss 

Build Orders: Nexus First 

Get SALT Encoding   

  12  0:01  Probe  
  13  0:40  Nexus  
  13  0:52  Pylon, Probe  
  14  1:00  Probe  
  15  1:34  Probe  
  16  1:42  Probe  
  17  1:49  Probe  
  17  1:50  Probe  
  18  1:57  Probe  
  19  2:01  Probe  
  19  2:03  Assimilator  
  19  2:05  Assimilator  
  19  2:07  Probe  
  21  2:12  Assimilator  
  21  2:15  Assimilator  
  22  2:19  Probe  
  23  2:31  Probe  
  24  2:43  Probe  
  25  2:44  Probe  
  26  2:53  Probe  
  26  2:55  Probe  
  28  3:02  Probe  
  29  3:07  Pylon, Probe  
  30  3:14  Probe  
  30  3:19  Probe  
  32  3:27  Probe  
  33  3:28  Probe  
  33  3:30  Nexus  
  34  3:36  Probe  
  34  3:39  Probe  
  36  3:42  Gateway  
  36  3:46  Probe  
  37  3:51  Probe  
  38  3:58  Probe  
  39  4:03  Probe  
  39  4:09  Probe  
  40  4:15  Probe  
  42  4:17  Probe  
  42  4:18  Forge  
  43  4:27  Probe  
  43  4:30  Assimilator  
  44  4:39  Probe  
  45  4:47  Cybernetics Core  
  45  4:51  Probe  
  46  5:05  Probe  
  46  5:13  Probe  
  46  5:14  Probe  
  49  5:23  Probe  
  49  5:26  Probe  
  51  5:31  Stargate  
  51  5:34  Stargate  
  51  5:35  Probe  
  51  5:36  Stargate  
  51  5:40  Stargate  
  51  5:41  Stargate  
  52  5:45  Stargate  
  52  5:46  Probe  
  52  5:49  Stargate  
  53  5:54  Probe  
  53  6:02  Probe  
  53  6:03  Assimilator  
  55  6:14  Probe  
  56  6:22  Cybernetics Core  
  56  6:26  Probe  
  56  6:28  Protoss Air Weapons Level 1  
  56  6:30  Fleet Beacon  
  57  6:37  Void Ray  
  61  6:45  Pylon  
  61  6:47  Pylon  
  61  6:48  Pylon  
  61  6:49  Pylon  
  61  6:51  Pylon  
  61  6:53  Pylon  
  61  6:54  Pylon  
  61  6:57  Pylon  
  61  7:03  Void Ray x2, Pylon x2  
  61  7:04  Void Ray  
  61  7:05  Probe  
  61  7:06  Void Ray x2  
  61  7:07  Void Ray  
  86  7:21  Stargate  
  86  7:22  Stargate  
  86  7:24  Stargate  
  86  7:29  Carrier  
  92  7:34  Probe  
  92  7:42  Probe  
  93  7:46  Protoss Air Armor Level 1  
  93  7:49  Tempest x2  
  104  7:52  Probe  
  105  8:04  Probe  
  106  8:10  Robotics Facility  
  106  8:11  Tempest  
  111  8:16  Probe  
  112  8:28  Probe  
  112  8:33  Void Ray x2  
  121  8:41  Probe  
  122  8:43  Zealot  
  124  8:52  Gateway  
  124  8:53  Probe  
  125  8:57  Protoss Air Weapons Level 2  
  125  8:59  Pylon  
  125  9:05  Probe  
  126  9:10  Zealot  
  126  9:16  Pylon  
  128  9:17  Pylon  
  128  9:20  Pylon  
  128  9:21  Pylon  
  128  9:25  Pylon  
  128  9:26  Void Ray x5  
  148  9:37  Zealot  
  150  10:04  Zealot  
  152  10:08  Unknown  
  152  10:31  Protoss Air Armor Level 2, Zealot  
  147  11:33  Void Ray x4  
  147  11:34  Void Ray x6  
  170  11:51  Probe  
  170  12:03  Probe  
  172  12:15  Probe  
  172  12:16  Phoenix x2  
  172  12:17  Phoenix x2  
  188  12:27  Probe  
  187  12:39  Probe  
  187  12:42  Void Ray x2  
  188  12:52  Pylon  
Show
View Real Time Build Order
Export as new Build Order

MrFercho Zerg 

Build Orders: Hatch First, Muta Ling Bane 

Get SALT Encoding   

  12  0:01  Drone  
  13  0:14  Overlord  
  13  0:18  Drone  
  14  0:33  Drone x2  
  16  0:54  Drone  
  17  1:03  Drone  
  18  1:10  Extractor  
  17  1:14  Hatchery  
  17  1:17  Spawning Pool  
  16  1:26  Spawning Pool  
  16  1:27  Drone x2  
  17  1:38  Drone x2  
  19  1:58  Overlord  
  19  2:00  Drone  
  20  2:23  Metabolic Boost  
  20  2:25  Queen  
  20  2:28  Zergling x2  
  20  2:29  Zergling x4  
  25  2:39  Zergling x4  
  25  2:42  Queen  
  25  2:44  Overlord  
  29  2:47  Drone  
  30  3:16  Drone  
  30  3:17  Drone x3  
  34  3:28  Drone  
  34  3:29  Drone x2  
  37  3:39  Overlord  
  37  3:51  Roach Warren  
  36  3:56  Drone  
  36  4:01  Drone x3  
  36  4:02  Drone  
  41  4:03  Drone  
  41  4:04  Drone x4  
  46  4:24  Extractor  
  45  4:28  Baneling Nest  
  45  4:31  Drone  
  45  4:34  Lair  
  44  4:47  Roach x3  
  50  4:59  Extractor  
  49  5:01  Extractor  
  49  5:03  Drone  
  49  5:04  Drone x2  
  51  5:07  Overlord x4  
  51  5:22  Burrow  
  50  5:50  Drone x3  
  53  5:59  Drone x4  
  53  6:00  Drone x4  
  61  6:21  Hatchery  
  61  6:22  Hatchery  
  59  7:00  Spine Crawler  
  59  7:01  Spine Crawler  
  57  7:03  Spine Crawler  
  57  7:06  Centrifical Hooks, Spore Crawler  
  57  7:08  Glial Reconstitution, Spore Crawler  
  55  7:09  Spore Crawler  
  53  7:24  Spire  
  53  7:25  Drone x3, Infestation Pit  
  54  7:42  Roach x8  
  70  7:58  Overlord x5  
  70  8:12  Drone x8  
  78  8:24  Hydralisk Den  
  77  8:33  Evolution Chamber  
  76  8:35  Nydus Network  
  75  8:44  Mutalisk x10  
  95  8:58  Extractor  
  95  8:59  Extractor, Drone x8  
  101  9:28  Drone x12  
  113  9:37  Zerg Flyer Armor Level 1  
  113  9:39  Zerg Melee Weapons Level 1  
  113  9:42  Muscular Augments  
  113  9:44  Hive  
  113  9:54  Lurker Den  
  112  10:01  Evolution Chamber, Mutalisk x4  
  112  10:02  Mutalisk  
  112  10:05  Zergling x16  
  123  10:53  Grooved Spines  
  122  11:29  Corruptor x3  
  98  12:52  Zergling x18  
  74  13:28  Baneling x2  
  74  13:29  Baneling x10  
Show
View Real Time Build Order
Export as new Build Order

tigro Terran 

Build Orders:  

Get SALT Encoding   

  12  0:03  SCV  
  13  0:15  SCV  
  14  0:24  Supply Depot  
  14  0:28  SCV  
  15  0:30  Refinery  
  15  0:46  SCV  
  16  0:53  Barracks  
  16  0:58  SCV  
  17  1:08  Refinery  
  17  1:10  SCV  
  18  1:22  SCV  
  19  1:34  SCV  
  19  1:35  Supply Depot  
  20  1:42  Marine  
  20  1:46  SCV  
  22  1:58  SCV  
  22  2:00  Marine  
  24  2:06  Factory  
  24  2:10  SCV  
  25  2:17  Marine  
  27  2:22  SCV  
  27  2:35  Marine, Orbital Command  
  28  2:41  Engineering Bay  
  28  2:51  Factory Tech Lab  
  28  2:53  Marine  
  29  3:21  Barracks Tech Lab  
  29  3:29  Siege Tank  
  32  3:51  Command Center  
  32  4:00  Starport  
  32  4:01  Siege Tank  
  35  4:14  Combat Shield  
  35  4:18  Terran Infantry Weapons Level 1  
  35  4:37  Starport  
  35  4:45  Medivac  
  37  5:05  Refinery  
  37  5:27  SCV  
  38  5:33  Stimpack  
  38  5:39  SCV  
  39  5:46  Supply Depot  
  39  5:51  SCV  
  40  6:03  SCV  
  41  6:09  Supply Depot, Refinery  
  41  6:12  Hi-Sec Auto Tracking, Starport Tech Lab x2  
  41  6:15  SCV  
  42  6:28  Marine  
  42  6:32  Supply Depot  
  43  6:46  Marine  
  44  6:51  Barracks  
  44  6:56  Missile Turret  
  44  7:00  Fusion Core  
  44  7:04  Marine  
  45  7:14  SCV  
  46  7:16  Missile Turret  
  46  7:21  Marine  
  47  7:26  SCV  
  48  7:36  Terran Infantry Armor Level 1  
  48  7:38  SCV  
  48  7:39  Marine  
  50  7:50  SCV  
  51  7:52  Missile Turret  
  51  7:53  Armory  
  51  7:57  Weapon Refit  
  51  8:02  SCV  
  51  8:04  Battlecruiser  
  58  8:06  Battlecruiser  
  64  8:15  Siege Tank  
  67  8:20  Missile Turret  
  67  8:23  SCV  
  68  8:35  SCV  
  69  8:42  Missile Turret  
  69  8:48  SCV  
  70  9:00  SCV  
  71  9:03  Command Center, Missile Turret  
  71  9:12  SCV  
  71  9:14  Refinery  
  72  9:19  Battlecruiser  
  72  9:21  Battlecruiser  
  84  9:30  Neosteel Armor  
  84  9:37  Rapid Reignition System  
  84  9:38  Refinery  
  84  9:52  Barracks Reactor  
  84  9:56  Marine  
  85  10:03  Terran Vehicle Weapons Level 1  
  85  10:14  Marine  
  86  10:32  Marine  
  87  10:49  Marine  
  64  11:05  Marine x2  
  64  11:07  Marine  
  64  11:10  Terran Infantry Weapons Level 2  
  67  11:21  Battlecruiser x2  
  67  11:23  Marine x2  
  67  11:25  Marine, SCV  
  83  11:37  SCV  
  84  11:41  Marine x2  
  84  11:43  Marine  
  87  11:50  SCV  
  88  11:58  Marine  
  88  11:59  Marine  
  88  12:01  Marine  
  91  12:24  Marine x3  
  91  12:25  Battlecruiser  
  100  12:37  Battlecruiser  
  101  12:42  Marine x3  
  69  12:59  Marine x2  
  69  13:00  Marine  
  72  13:17  Marine x3  
Show
View Real Time Build Order
Export as new Build Order

TATORREA Protoss 

Build Orders:  

Get SALT Encoding   

  12  0:01  Probe  
  13  0:13  Probe  
  14  0:25  Pylon, Probe  
  15  0:43  Probe  
  15  0:44  Gateway  
  16  0:55  Probe  
  16  1:04  Probe  
  17  1:05  Assimilator  
  17  1:10  Pylon  
  18  1:13  Probe  
  19  1:25  Probe  
  19  1:37  Probe  
  20  1:58  Gateway  
  20  2:00  Cybernetics Core  
  20  2:02  Zealot  
  20  2:03  Probe  
  20  2:05  Pylon  
  21  2:09  Pylon  
  21  2:15  Probe  
  24  2:24  Assimilator  
  24  2:27  Probe  
  25  2:37  Warp Gate  
  25  2:41  Robotics Facility  
  25  2:49  Stalker  
  27  2:51  Zealot  
  29  3:29  Stalker x2  
  37  3:34  Immortal  
  37  3:50  Probe  
  38  4:00  Shield Battery  
  38  4:03  Shield Battery  
  38  4:05  Shield Battery  
  38  4:13  Observer  
  39  4:28  Nexus  
  39  4:35  Immortal  
  39  4:37  Pylon  
  43  4:43  Pylon  
  43  4:45  Probe  
  44  4:53  Probe  
  45  5:01  Probe  
  45  5:05  Pylon  
  46  5:10  Stalker  
  46  5:11  Sentry  
  46  5:12  Probe  
  51  5:17  Observer  
  52  5:25  Probe  
  53  5:33  Twilight Council  
  53  5:37  Probe  
  53  5:41  Probe  
  55  5:49  Probe  
  56  5:53  Probe  
  57  6:09  Pylon  
  57  6:10  Probe x2  
  59  6:12  Pylon  
  59  6:18  Stalker  
  59  6:20  Sentry  
  59  6:22  Probe x2  
  65  6:28  Blink  
  65  6:34  Probe x2  
  65  6:37  Assimilator  
  67  6:41  Assimilator  
  67  6:49  Gateway  
  67  6:50  Gateway  
  67  6:53  Gateway  
  67  6:55  Immortal  
  67  7:00  Probe x2  
  73  7:12  Probe x2  
  75  7:21  Stalker x2  
  79  7:24  Probe x2  
  81  7:35  Forge  
  81  7:36  Probe x2  
  83  7:37  Forge  
  83  7:40  Forge  
  83  8:05  Nexus  
  83  8:10  Pylon  
  83  8:13  Pylon  
  83  8:15  Probe x2  
  85  8:22  Stalker x2  
  85  8:23  Stalker x2  
  85  8:26  Protoss Ground Armor Level 1  
  93  8:27  Probe x2  
  93  8:30  Protoss Shields Level 1  
  95  8:34  Protoss Ground Weapons Level 1  
  95  8:39  Probe x2  
  97  8:44  Charge, Shield Battery  
  97  8:46  Shield Battery  
  97  8:48  Shield Battery  
  97  8:51  Probe x2  
  99  9:09  Stargate  
  99  9:14  Stargate  
  99  9:23  Robotics Bay  
  99  9:25  Probe x2  
  99  9:26  Probe  
  102  9:33  Pylon  
  102  9:36  Pylon  
  102  9:38  Assimilator  
  102  9:40  Assimilator  
  102  9:42  Templar Archives  
  102  10:03  Pylon  
  102  10:05  Pylon  
  102  10:07  Gateway, Pylon  
  102  10:08  Stalker x3  
  102  10:10  Gateway x2  
  102  10:13  Gateway  
  74  11:06  Protoss Ground Armor Level 2, Phoenix x2, Protoss Ground Weapons Level 2  
  64  11:24  Fleet Beacon  
  64  11:27  Phoenix  
  64  11:28  Protoss Air Weapons Level 1, Phoenix  
  68  11:38  Stalker x5  
  68  11:39  Stalker x2  
  82  11:50  Stalker x2  
  82  11:52  Phoenix x2  
  90  11:59  Anion Pulse-Crystals  
  90  12:17  Phoenix x2  
  94  12:26  Stalker x4  
  94  12:27  Stalker x2  
  94  12:28  Stalker  
  108  12:42  Phoenix x2  
  112  12:55  Stalker  
  112  12:56  Stalker x3  
  112  12:57  Stalker  
  120  13:07  Phoenix x2  
  62  13:25  Stalker  
  47  13:27  Stalker x2  
  47  13:28  Stalker x4  
  47  13:29  Stalker x2  
Tags
 
Add a new tag
Caveats
  • Supply blocks, unpowered buildings, or Contaminate may cause inaccurate times.
  • Supply counts are checked every 10 seconds.